 Dungeon Crawl Stone Soup version 0.20.0-15-g7f486f2 (webtiles) character file.

436 Monsterracer the Cudgeler (level 6, 0/52 HPs)
             Began as a Draconian Chaos Knight on June 30, 2017.
             Was an Initiate of Okawaru.
             Succumbed to a water moccasin's poison
             ... on level 3 of the Dungeon.
             The game lasted 00:07:52 (3625 turns).

Monsterracer the Cudgeler (Draconian Chaos Knight)  Turns: 3625, Time: 00:07:52

Health: 0/52       AC:  8    Str: 14    XL:     6   Next: 69%
Magic:  16/16      EV: 12    Int: 11    God:    Okawaru [......]
Gold:   174        SH:  0    Dex:  8    Spells: 4/5 levels left

rFire    . . .     SeeInvis .   a - +0 mace (chaos)
rCold    . . .     Gourm    .   (no shield)
rNeg     . . .     Faith    .   (armour unavailable)
rPois    .         Spirit   .   (helmet restricted)
rElec    .         Reflect  .   g - +1 cloak
rCorr    .         Harm     .   (no gloves)
MR       .....                  (no boots)
Stlth    +.........             (no amulet)
Regen    0.2/turn               d - ring of magical power
MPRegen  0.2/turn               (no ring)

@: lethally poisoned (0 -> -8), flying
A: unfitting armour, clumsy 2, dopey 1, cold-blooded, AC +6
a: Renounce Religion


You were on level 3 of the Dungeon.
You worshipped Okawaru.
Okawaru was noncommittal.
You were not hungry.

You visited 1 branch of the dungeon, and saw 3 of its levels.

You collected 174 gold pieces.

Inventory:

Hand Weapons
 a - a +0 mace of chaos (weapon)
 p - a +0 flail
Armour
 g - a +1 cloak (worn)
Jewellery
 d - a ring of magical power (left hand)
 k - an uncursed ring of ice
Scrolls
 h - a scroll of identify
 i - 2 scrolls of remove curse
 j - a scroll of magic mapping
Potions
 n - a potion of flight
Comestibles
 c - a bread ration
 f - 2 fruits
 l - a royal jelly


   Skills:
 + Level 4.0 Fighting
 * Level 6.6 Maces & Flails
 + Level 2.7 Dodging
 + Level 2.1 Invocations


You had 4 spell levels left.
You knew the following spells:

 Your Spells              Type           Power        Failure   Level  Hunger
a - Apportation           Tloc           #.....       34%         1    ##.....


Dungeon Overview and Level Annotations

Branches:
Dungeon (3/15)

Altars:
Nemelex Xobeh
Okawaru
Qazlal
Yredelemnul


Innate Abilities, Weirdness & Mutations

Your plain brown scales are hard. (AC +6)
You cannot fit into any form of body armour.
You are cold-blooded and may be slowed by cold attacks.
You are very clumsy. (Dex -4)
You are dopey. (Int -2)


Message History

The water moccasin is moderately wounded.
The water moccasin bites you but does no damage.
The water moccasin barely misses you.
You barely miss the water moccasin.
Your tail-slap misses the water moccasin.
The water moccasin is moderately wounded.
The water moccasin bites you.
* * * LOW HITPOINT WARNING * * *
Huge Dmg: -4%(-2hp) hp: 14%(7hp) Wield which item (- for none, * to show all)? (? for menu, Esc to quit)
Your +0 mace of chaos is briefly surrounded by a scintillating aura of random colours.
a - a +0 mace of chaos (weapon)
The water moccasin bites you!
* * * LOW HITPOINT WARNING * * *
You are lethally poisoned!
The water moccasin poisons you!
Huge Dmg: -12%(-6hp) hp: 2%(1hp)
You sock the water moccasin!
The water moccasin is heavily wounded.
You die...

#.# ###### #.#.. #.# #.#.# #.#
#(#.# #.# #)#.# #.#### ######(#.#
# #....## #.))).(#.#
#######.##..############.####.#.#
....................(............
......(.........@..............:.
≈≈.≈.(≈≈(≈≈.()((S)≈.≈≈...≈≈≈≈..≈)
≈≈≈≈≈≈≈≈≈≈(..(.≈≈≈≈≈≈≈≈≈≈≈≈≈≈≈≈≈≈
≈≈≈≈≈≈≈≈≈≈≈...(≈≈≈≈≈≈≈≈≈≈≈≈≈≈≈≈≈≈
≈≈≈≈≈≈≈≈≈≈≈...(.≈≈≈≈≈≈≈≈≈≈≈≈≈≈≈≈≈
############'(###################
..#.......#((((# ..'.......#(())#
(.#########.).)##


You could see a water moccasin.

Vanquished Creatures
  3 big kobolds (D:3)
  4 gnolls
  7 adders
  2 oozes
  3 worms (D:2)
  A dart slug (D:1)
  4 leopard geckos (D:1)
  7 orcs (D:3)
  A ball python (D:2)
  2 giant cockroaches (D:2)
  11 goblins
  4 hobgoblins (D:2)
  44 kobolds
  A quokka (D:3)
  5 bats
  3 frilled lizards
  4 rats
106 creatures vanquished.

Notes
Turn   | Place    | Note
-------+----------+-------------------------------------------
     0 | D:1      | Monsterracer the Draconian Chaos Knight began the quest for the Orb.
     0 | D:1      | Reached XP level 1. HP: 19/19 MP: 1/1
   252 | D:1      | Reached XP level 2. HP: 24/26 MP: 2/2
   478 | D:1      | Reached skill level 4 in Maces & Flails
   599 | D:1      | XOM: harmless Chrm miscast
   745 | D:1      | Reached XP level 3. HP: 22/31 MP: 3/3
  1124 | D:1      | XOM: mild Chrm miscast
  1294 | D:2      | XOM: summons friendly quasit
  1295 | D:2      | Reached XP level 4. HP: 11/38 MP: 4/4
  1299 | D:2      | Reached skill level 5 in Maces & Flails
  1675 | D:2      | XOM: divination: detect creatures
  1844 | D:2      | XOM: divination: detect items
  1855 | D:2      | Reached XP level 5. HP: 45/45 MP: 5/5
  2006 | D:2      | XOM: medium Tloc miscast
  2304 | D:3      | Found an iron altar of Okawaru.
  2313 | D:3      | Fell from the grace of Xom
  2313 | D:3      | Became a worshipper of Warmaster Okawaru
  2362 | D:3      | Found a basalt altar of Yredelemnul.
  2414 | D:3      | Found a stormy altar of Qazlal.
  2649 | D:3      | Learned a level 1 spell: Apportation
  2651 | D:3      | Learned a level 1 spell: Animate Skeleton
  2692 | D:3      | Found a sparkling altar of Nemelex Xobeh.
  2774 | D:3      | XOM: medium Ice miscast
  2872 | D:3      | Reached skill level 6 in Maces & Flails
  2872 | D:3      | Reached skill level 1 in Invocations
  2972 | D:3      | Reached XP level 6. HP: 12/52 MP: 7/7
  2972 | D:3      | XOM: give mutations
  2972 | D:3      | Gained mutation: You are clumsy. (Dex -2) [Xom's mischief]
  2972 | D:3      | Gained mutation: You are very clumsy. (Dex -4) [Xom's mischief]
  2972 | D:3      | Gained mutation: You are dopey. (Int -2) [Xom's mischief]
  3574 | D:3      | XOM: severe Pois miscast
  3604 | D:3      | Noticed a water moccasin
  3604 | D:3      | a sky beast changed into a water moccasin
  3604 | D:3      | XOM: polymorph sky beast -> water moccasin
  3624 | D:3      | HP: 1/52 [water moccasin (7)]
  3625 | D:3      | Succumbed to a water moccasin's poison

Skill      XL: |  1  2  3  4  5  6 |
---------------+-------------------+-----
Maces & Flails | 4 5 6 |  6.6
Invocations    | 1 2 |  2.1
Fighting       | 4 |  4.0
Dodging        | |  2.7

Action                   |  1- 3 |  4- 6 || total
-------------------------+-------+-------++-------
Melee: Whip              |    99 |   164 ||   263
       Mace              |    25 |   125 ||   150
       Tailslap          |     6 |    26 ||    32
       Flail             |       |    39 ||    39
  Use: Potion            |     2 |     6 ||     8
       Scroll            |       |     3 ||     3
 Stab: Sleeping          |       |     2 ||     2
  Eat: Chunk             |     1 |     8 ||     9
Armor: Skin              |    32 |   100 ||   132
Dodge: Dodged            |    71 |   203 ||   274
